 Dungeon Sprint DCSS version 0.27-a0-203-gd48b2df3c9 (webtiles) character file.

Game seed: 5688614941827605333

417 mhtbhm the Martial Artist (level 6, -10/46 HPs)
             Began as an Octopode Transmuter on Jan 30, 2021.
             Was a Believer of Sif Muna.
             Mangled by a slime creature (18 damage)
             ... in the Dungeon (Sprint IX: "|||||||||||||||||||||||||||||").
             The game lasted 00:02:01 (623 turns).

mhtbhm the Martial Artist (Octopode Transmuter)      Turns: 623, Time: 00:02:01

Health: -10/46     AC:  7    Str: 14    XL:     6   Next: 93%
Magic:  9/14       EV: 12    Int: 15    God:    Sif Muna [**....]
Gold:   0          SH:  0    Dex: 13    Spells: 0/15 levels left

rFire    x . .     SeeInvis .     - Unarmed
rCold    + + +     Faith    .   (shield currently unavailable)
rNeg     . . .     Spirit   .   (helmet currently unavailable)
rPois    +         Reflect  .   (no amulet)
rElec    .         Harm     .   k - +2 ring of protection
rCorr    .         Rampage  .   l - +3 ring of strength
Will     .....     NoTele   +   (no ring)
Stlth    +++.......             (no ring)
HPRegen  0.15/turn              (no ring)
MPRegen  0.14/turn              (no ring)
                                (no ring)
                                (no ring)

@: ice-form, wereblooded
A: large, almost no armour, stealthy swim, amphibious, 8 rings, (constrict 8)
a: End Transformation, Renounce Religion, Channel Magic


You were in the Dungeon.
You worshipped Sif Muna.
Sif Muna was pleased with you.
You were a creature of crystalline ice.
You visited 1 branch

Inventory:

Jewellery
 k - a +2 ring of protection (left front paw)
 l - a +3 ring of strength (right front paw)
Wands
 j - a wand of acid (10)
Scrolls
 g - 2 scrolls of blinking
 h - 3 scrolls of remove curse
 i - 2 scrolls of amnesia
Potions
 a - a potion of invisibility
 c - 3 potions of curing
 d - a potion of haste
 e - 4 potions of magic


   Skills:
 + Level 2.0 Fighting
 + Level 5.7 Dodging
 + Level 7.2 Stealth
 + Level 9.8 Unarmed Combat
 + Level 5.4 Spellcasting
 + Level 5.3 Transmutations
 + Level 1.0 Poison Magic


You couldn't memorise any spells.
You knew the following spells:

 Your Spells              Type           Power        Failure   Level
a - Beastly Appendage     Tmut           40%          1%          1
b - Wereblood             Tmut           20%          2%          2
c - Spider Form           Tmut/Pois      6%           13%         3
d - Ice Form              Ice/Tmut       12%          45%         4
e - Blade Hands           Tmut           10%          43%         5

Your spell library contained the following spells:

 Spells                   Type           Power        Failure   Level


Dungeon Overview and Level Annotations

Branches:
Dungeon (1/1)

Altars:
Cheibriados
Dithmenos
Elyvilon
Fedhas
Gozag
Hepliaklqana
Kikubaaqudgha
Makhleb
Nemelex Xobeh
Okawaru
Qazlal
Ru
Sif Muna
Trog
Uskayaw
Vehumet
Wu Jian
Xom
Yredelemnul
Zin
The Shining One
Beogh
Jiyva
Lugonu


Innate Abilities, Weirdness & Mutations

You cannot wear most types of armour.
You are very stealthy in the water. (Stealth+)
You are amphibious.
You can wear up to eight rings at the same time.
((You can use your tentacles to constrict eight enemies at once.))
((Your skin changes colour to match your surroundings (Stealth+).))
((Your rubbery body absorbs attacks. (AC +1, EV +1)))


Message History

Your blood is infused with primal strength.
You open the door.
A hound, a hydra, a slime creature, an ugly thing, a troll and a skeleton come into view.
The slime creature quivers.
You punch the slime creature! You freeze the slime creature.
The slime creature is moderately wounded.
The troll shouts!
The slime creature hits you!!
The eight-headed hydra roars!
The green ugly thing gurgles horribly!
You punch the slime creature! You freeze the slime creature.
The slime creature is heavily wounded.
The slime creature jiggles.
The slime creature hits you!
You pummel the slime creature!! You freeze the slime creature.
The slime creature is almost dead.
The slime creature hits you!
* * * LOW HITPOINT WARNING * * *
Unknown command.
You feel better. The slime creature hits you!!
You die... ▓▓▓▓▓▓▓▓▓▓▓▓▓▓▓▓▓▓▓▓▓▓▓▓ ZT.hDuJY..÷))'..[[[.)..' ▓▓▓▓▓▓▓▓▓▓▓▓▓▓▓▓▓▓▓▓▓▓▓▓

You could see an eight-headed hydra, a green ugly thing, a slime creature, a troll, a hound and a bat skeleton.

Vanquished Creatures
  An orc warrior (D)
  A centaur (D)
  A bullfrog (D)
  A scorpion (D)
  A killer bee (D)
  An iguana (D)
  2 worker ants (D)
  A white imp (D)
  A dart slug (D)
  A leopard gecko (D)
  2 orcs (D)
  A goblin (D)
  A hobgoblin (D)
  A rat (D)
16 creatures vanquished.

Notes
Turn   | Place    | Note
-------+----------+-------------------------------------------
     0 | D        | mhtbhm the Octopode Transmuter began the quest for the Orb.
     0 | D        | Reached XP level 1. HP: 13/13 MP: 3/3
     0 | D        | Banished a spatial maelstrom
     7 | D        | Banished a spatial maelstrom
    18 | D        | Reached skill level 1 in Stealth
    21 | D        | Reached skill level 4 in Unarmed Combat
    21 | D        | Reached XP level 2. HP: 3/18 MP: 5/5
   260 | D        | Learned a level 2 spell: Wereblood
   274 | D        | Reached skill level 5 in Unarmed Combat
   274 | D        | Reached XP level 3. HP: 15/23 MP: 4/7
   284 | D        | Reached XP level 4. HP: 12/28 MP: 4/8
   299 | D        | Found a roughly hewn altar of Beogh.
   299 | D        | Found a snail-covered altar of Cheibriados.
   299 | D        | Found a shadowy altar of Dithmenos.
   299 | D        | Found a white marble altar of Elyvilon.
   299 | D        | Found a blossoming altar of Fedhas.
   299 | D        | Found an opulent altar of Gozag.
   300 | D        | Found a hazy altar of Hepliaklqana.
   301 | D        | Found a viscous altar of Jiyva.
   302 | D        | Found an ancient bone altar of Kikubaaqudgha.
   303 | D        | Found a corrupted altar of Lugonu.
   304 | D        | Found a burning altar of Makhleb.
   305 | D        | Found a sparkling altar of Nemelex Xobeh.
   306 | D        | Found an iron altar of Okawaru.
   307 | D        | Found a stormy altar of Qazlal.
   308 | D        | Found a sacrificial altar of Ru.
   309 | D        | Found a shimmering blue altar of Sif Muna.
   310 | D        | Found a bloodstained altar of Trog.
   311 | D        | Found a hide-covered altar of Uskayaw.
   312 | D        | Found a radiant altar of Vehumet.
   313 | D        | Found an ornate altar of the Wu Jian Council.
   314 | D        | Found a shimmering altar of Xom.
   315 | D        | Found a basalt altar of Yredelemnul.
   316 | D        | Found a glowing silver altar of Zin.
   317 | D        | Found a glowing golden altar of the Shining One.
   319 | D        | Became a worshipper of Sif Muna the Loreminder
   350 | D        | Learned a level 3 spell: Spider Form
   352 | D        | Noticed a bullfrog
   352 | D        | Noticed a centaur
   352 | D        | Noticed an orc warrior
   361 | D        | Killed an orc warrior
   361 | D        | HP: 1/28 [killer bee (6)]
   362 | D        | Reached skill level 5 in Stealth
   362 | D        | Reached skill level 7 in Unarmed Combat
   362 | D        | Reached XP level 5. HP: 2/33 MP: 5/11
   366 | D        | Reached skill level 8 in Unarmed Combat
   367 | D        | Reached * piety under Sif Muna
   368 | D        | Reached skill level 5 in Dodging
   368 | D        | Reached XP level 6. HP: 27/39 MP: 5/13
   373 | D        | Reached skill level 9 in Unarmed Combat
   373 | D        | Reached skill level 5 in Spellcasting
   373 | D        | Reached skill level 5 in Transmutations
   374 | D        | Reached skill level 1 in Poison Magic
   376 | D        | Reached ** piety under Sif Muna
   567 | D        | Learned a level 4 spell: Ice Form
   573 | D        | Learned a level 5 spell: Blade Hands
   619 | D        | Noticed a troll
   619 | D        | Noticed an eight-headed hydra
   619 | D        | Noticed a green ugly thing
   619 | D        | Noticed a slime creature
   623 | D        | Mangled by a slime creature

Illustrated notes

Levels and vault maps discovered:
D:        linesprint [early_d, line_temple, items_1, d_10, items_2, lair_1,
          lair_end, items_3, orc_1, orc_end, items_4, d_15, swamp_1, shoals_1,
          snake_1, spider_1, d_20, vaults_1, items_5, swamp_end, shoals_end,
          snake_end, spider_end, vaults_end, d_27, items_6, zot_1, zot_end,
          crypt_end, forest_end, elf_end, slime_end, tomb_end, abyss_end,
          pan_hell_end]

Skill      XL: |  1  2  3  4  5  6 |
---------------+-------------------+-----
Stealth        | 1 2 3 5 6 7 |  7.2
Unarmed Combat | 4 5 7 8 9 |  9.8
Dodging        | 3 4 5 |  5.7
Spellcasting   | 3 4 5 |  5.4
Transmutations | 3 4 5 |  5.3
Fighting       | 2 |  2.0
Poison Magic   | 1 |  1.0

Action                   |  1- 3 |  4- 6 || total
-------------------------+-------+-------++-------
Melee: Unarmed           |    30 |    29 ||    59
       Kick              |     4 |     3 ||     7
       Tentacles         |     3 |     4 ||     7
       Constrict         |     3 |     3 ||     6
       Punch             |       |     2 ||     2
 Cast: Beastly Appendage |     3 |       ||     3
       Wereblood         |     1 |     3 ||     4
       Spider Form       |       |     1 ||     1
       Ice Form          |       |     1 ||     1
  Use: Potion            |     1 |     5 ||     6
 Stab: Sleeping          |     3 |       ||     3
Armor: Skin              |       |     1 ||     1
Dodge: Dodged            |    15 |    13 ||    28

Table legend: (Time is in decaauts)
 A = Elapsed time spent in this place.
 B = Non-inter-level travel time spent in this place.
 C = Inter-level travel time spent in this place.
 D = Time resting spent in this place.
 E = Time spent auto-exploring this place.
 F = Levels seen in this place.
 G = Mean time per level.
                   A        B        C        D        E       F      G
               +--------+--------+--------+--------+--------+-----+--------+
         Total |    619 |    619 |      0 |    462 |      0 |   1 |  619.0 |
       Dungeon |    619 |    619 |      0 |    462 |      0 |   1 |  619.0 |
               +--------+--------+--------+--------+--------+-----+--------+

Top non-repeatable levels by time:
       D: 619 daAuts
